 Dungeon Crawl Stone Soup version 0.30-a0-782-ge64f9170bb (webtiles) character file.

Game seed: 5904192739733897136

19399 Ge0ff the Skirmisher (level 12, -1/100 HPs)
             Began as a Minotaur Hunter on Feb 26, 2023.
             Was a Follower of Hepliaklqana.
             Slain by a black mamba (8 damage)
             ... on level 1 of the Lair of Beasts.
             The game lasted 00:25:40 (11330 turns).

Ge0ff the Skirmisher (Minotaur Hunter)             Turns: 11330, Time: 00:25:41

Health: -1/100     AC: 11    Str: 18    XL:     12   Next: 36%
Magic:  11/11      EV: 20    Int:  6    God:    Hepliaklqana [*.....]
Gold:   526        SH:  0    Dex: 29    Spells: 11/11 levels left

rFire   . . .      SeeInvis .    a - +1 shortbow (freeze)
rCold   . . .      Faith    .    (shield currently unavailable)
rNeg    . . .      Spirit   .    I - +0 troll leather armour {Pargi}
rPois   +          Reflect  .    p - +2 hat
rElec   .          Harm     .    e - +2 cloak {rPois}
rCorr   .          Rampage  .    D - +0 pair of gloves
Will    .....                    F - +0 pair of boots
Stlth   ++                       (no amulet)
HPRegen 1.16/turn                Y - +6 ring of dexterity {=R}
MPRegen 0.12/turn                n - +6 ring of dexterity

@: studying Staves
A: reduced essence, horns 2, retaliatory headbutt
a: Renounce Religion, Recall Ancestor, Ancestor Identity


You were on level 1 of the Lair of Beasts.
You worshipped Hepliaklqana.
Hepliaklqana was aware of your devotion.
You visited 3 branches of the dungeon, and saw 14 of its levels.

You collected 776 gold pieces.
You spent 250 gold pieces at shops.

Inventory:

Hand Weapons
 a - a +1 shortbow of freezing (weapon)
 b - a +2 dagger of venom
 k - the +2 falchion "Killer Bee's Bane" {drain, rElec rC+}
   (You found it on level 11 of the Dungeon)

   rC:        It protects you from cold.
   rElec:     It insulates you from electricity.
 l - a +1 whip of distortion
 t - a +4 demon trident of freezing
 H - a +0 arbalest
 S - a +3 spear
Missiles
 v - 7 silver javelins
 w - 5 boomerangs
 K - 16 poisoned darts
Armour
 e - a +2 cloak of poison resistance (worn)
 g - the +5 Storm Queen's Shield {shock, Fly rElec}
   (You found it on level 12 of the Dungeon)

   Shock:     When it blocks an attack, it may electrocute the attacker.
   This works even against foes who are a short distance away.
   rElec:     It insulates you from electricity.
   Fly:       It grants you flight.
 h - +0 steam dragon scales
 p - a +2 hat (worn)
 x - +0 acid dragon scales
 B - a +2 ring mail of cold resistance
 D - a +0 pair of gloves (worn)
 F - a +0 pair of boots (worn)
 I - a +0 troll leather armour (worn) {Pargi}
 Q - a +0 cloak
 T - the +1 robe of Evolution {rCorr Int-2 Slay+2}
   (You found it on level 3 of the Dungeon)

   Int:       It affects your intelligence (-2).
   Slay:      It affects your accuracy & damage with ranged weapons and melee
   (+2).
   rCorr:     It protects you from acid and corrosion.
 U - a +2 robe of positive energy
Jewellery
 m - a ring of see invisible
 n - a +6 ring of dexterity (right hand)
 E - a +5 ring of evasion
 G - a ring of resist corrosion
 W - a ring of fire
 Y - a +6 ring of dexterity (left hand) {=R}
Wands
 f - a wand of flame (9)
 s - a wand of mindburst (23)
 P - a wand of polymorph (4)
Scrolls
 j - a scroll of fog
 r - 2 scrolls of enchant weapon
 y - 5 scrolls of immolation
 C - a scroll of poison
 J - a scroll of silence {!r}
Potions
 o - a potion of ambrosia
 q - 10 potions of curing
 u - 4 potions of mutation {!q}
 z - 2 potions of brilliance
 A - 2 potions of attraction
 L - 5 potions of lignification
 M - a potion of might
 R - a potion of resistance
 V - a potion of haste {unknown}
 X - a potion of flight
 Z - a potion of berserk rage {!q}
Miscellaneous
 c - a condenser vane
 i - a piece from Xom's chessboard (13/15)


   Skills:
 + Level 12.1 Fighting
 + Level 14.9 Ranged Weapons
 + Level 5.4 Throwing
 + Level 2.4 Armour
 + Level 8.6 Dodging
 - Level 1.0 Stealth
 + Level 0.9 Invocations
 + Level 7.0 Evocations


You had 11 spell levels left.
You didn't know any spells.
Your spell library contained the following spells:

 Spells                   Type           Power      Damage    Failure   Level
 Freeze                   Ice            0%         1d3       52%         1
 Magic Dart               Conj           0%         1d3       52%         1
 Necrotise                Necr           0%         1d4       52%         1
 Slow                     Hex            0%         N/A       52%         1
 Call Imp                 Summ           0%         N/A       65%         2
 Cigotuvi's Dreadful Rot  Necr/Pois/Air  0%         N/A       65%         2
 Poisonous Vapours        Pois/Air       0%         N/A       65%         2
 Sublimation of Blood     Necr           0%         N/A       65%         2
 Wereblood                Tmut           0%         N/A       65%         2
 Confusing Touch          Hex            0%         N/A       87%         3
 Frozen Ramparts          Ice            0%         1d1       87%         3
 Hailstorm                Conj/Ice       0%         3d3       87%         3
 Ignite Poison            Fire/Tmut/Pois 0%         N/A       87%         3
 Kindle Blastsparks       Fire/Tloc/Air  0%         2d10      87%         3
 Mephitic Cloud           Conj/Pois/Air  0%         N/A       87%         3
 Ozocubu's Armour         Ice            0%         N/A       87%         3
 Vampiric Draining        Necr           0%         2d6       87%         3
 Dispel Undead            Necr           0%         3d6       99%         4
 Agony                    Necr           0%         N/A       100%        5
 Freezing Cloud           Conj/Ice/Air   0%         6-21      100%        5
 Metabolic Englaciation   Hex/Ice        0%         N/A       100%        5
 Death Channel            Necr           0%         N/A       100%        6
 Simulacrum               Ice/Necr       0%         N/A       100%        6
 Summon Hydra             Summ           0%         N/A       100%        7


Dungeon Overview and Level Annotations

Branches:
Dungeon (12/15) Zot: 25621  Temple (1/1) D:6 Zot: 5963    Lair (1/5) D:9 Zot: 5894
    Orc (0/2) D:12

Altars:
Ashenzari
Cheibriados
Dithmenos
Elyvilon
Fedhas
Gozag
Hepliaklqana
Kikubaaqudgha
Makhleb
Nemelex Xobeh
Okawaru
Qazlal
Ru
Sif Muna
Trog
Uskayaw
Vehumet
Wu Jian
Xom
Yredelemnul
Zin
The Shining One

Shops:
D:7 *

Annotations:
D:9 exclusion: 2 skeletal warriors
D:10 dig (arbalest)
D:12 exclusions: ice dragon and skeletal warrior


Innate Abilities, Weirdness & Mutations

Your life essence is reduced to manifest your ancestor. (-10% HP)
You have a pair of horns on your head.
You reflexively headbutt those who attack you in melee.


Message History

The wolf bites you. The cane toad closely misses you.
The black mamba bites you but does no damage.
You shoot an arrow. The arrow hits the wolf.
The arrow freezes the wolf.
The wolf is severely wounded.
The wolf closely misses you. You furiously retaliate!
You headbutt the wolf!
You kill the wolf!
The black mamba closely misses you.
The cane toad stings you but does no damage.
You shoot an arrow. The arrow closely misses the cane toad.
The black mamba barely misses you. You furiously retaliate!
You headbutt the black mamba!
The cane toad stings you but does no damage.
The black mamba closely misses you. You furiously retaliate!
You headbutt the black mamba! You shoot an arrow. The arrow hits the cane toad!
The arrow freezes the cane toad.
The cane toad is almost dead.
The black mamba bites you! The cane toad misses you.
You shoot an arrow. The arrow hits the cane toad.
The arrow freezes the cane toad.
The cane toad is almost dead.
The black mamba bites you but does no damage.
The cane toad stings you!
You are poisoned.
The cane toad poisons you! The black mamba bites you!
You are too injured to fight recklessly!
You are too injured to fight recklessly!
You are too injured to fight recklessly!
Fire: a) +1 shortbow (freeze)
Press: ? - help, Q - select action, (/) - cycle Shift-Dir - straight line, f/p - cane toad
Aim: a cane toad (almost dead, 78% to hit)
You shoot an arrow.
The arrow hits the cane toad but does no damage.
The cane toad is almost dead.
You feel very sick. The black mamba barely misses you. You furiously retaliate!
You headbutt the black mamba. The cane toad stings you!
The black mamba completely misses you.
Aiming: Mindburst
Press: ? - help, Shift-Dir - straight line, f/p - cane toad
Aim: a cane toad (almost dead, chance to affect: 85%)
The cane toad barely resists.
You feel very sick. The cane toad stings you!!
* * * LOW HITPOINT WARNING * * *
The black mamba misses you. You furiously retaliate!
You headbutt the black mamba! The cane toad stings you!
* * * LOW HITPOINT WARNING * * *
You feel better. The black mamba bites you!
You die...

#.....##.......#.
#.....###........
#.....##......##.
#########.....# #
####.....#
##.####.#......#
...............#
..................
.......@..........
......F†S)........
...####†##....###.
.. ...#....# .
..†......#
.....#....# .....
..# .....#


You could see a black mamba and a cane toad.

Vanquished Creatures
  Erolcha (D:11)
  A hydra (D:12)
  5 two-headed ogres
  A boulder beetle (D:12)
  A skeletal warrior (D:9)
  2 deep elf pyromancers (D:12)
  2 ugly things (D:12)
  5 cyclopes
  3 cane toads (Lair:1)
  A yaktaur (D:12)
  A kobold demonologist (D:9)
  6 trolls
  A hornet (D:8)
  Prince Ribbit (D:7)
  A slime creature (D:12)
  A shadow (D:10)
  A wraith (D:11)
  A wyvern (D:8)
  A yak (D:12)
  2 steam dragons
  5 vampire mosquitoes
  4 acid dragons
  A naga (D:7)
  2 water moccasins
  5 orc warriors
  2 ice beasts
  3 sky beasts
  Pargi (D:4)
  3 black bears
  A swamp drake (shapeshifter) (D:12)
  2 ogres (D:7)
  A boggart (D:10)
  A wolf (Lair:1)
  5 centaurs
  A phantom (D:4)
  2 bullfrogs
  A gnoll sergeant (D:12)
  2 scorpions
  8 wights
  5 killer bees
  3 vampire bats (D:8)
  9 howler monkeys
  A crimson imp (D:7)
  6 orc priests
  4 hounds
  5 jellies
  2 iguanas
  Natasha (thrice) (D:4)
  7 orc wizards
  7 gnolls (D:6)
  7 adders
  A white imp (D:7)
  An ufetubus (D:6)
  A worm (D:2)
  A dart slug (D:1)
  36 orcs
  7 ball pythons
  4 endoplasms
  5 giant cockroaches
  7 goblins
  3 hobgoblins
  4 quokkas
  8 bats
  3 frilled lizards
  10 kobolds
  4 rats
242 creatures vanquished.

Vanquished Creatures (collateral kills)
  An ogre mage (D:12)
  A basilisk (D:12)
  A howler monkey (D:12)
3 creatures vanquished.

Vanquished Creatures (others)
  8 ancestors
  An orc (D:8)
  3 plants (D:4)
12 creatures vanquished.

Grand Total: 257 creatures vanquished

Notes
Turn   | Place    | Note
-------+----------+-------------------------------------------
     0 | D:1      | Ge0ff the Minotaur Hunter began the quest for the Orb.
     0 | D:1      | Reached XP level 1. HP: 18/18 MP: 0/0
    96 | D:1      | Reached skill level 1 in Stealth
   301 | D:1      | Reached XP level 2. HP: 25/25 MP: 1/1
   450 | D:1      | Reached skill level 5 in Ranged Weapons
   541 | D:1      | Found a faded altar of an unknown god.
   568 | D:1      | Got Plato's Incunable of Malediction
  1359 | D:2      | Identified the +2 robe of the Griffon {Rampage Str+3}
  1610 | D:2      | Reached XP level 3. HP: 30/30 MP: 2/2
  1949 | D:3      | Identified the +1 robe of Evolution {rCorr Int-2 Slay+2}
  2290 | D:3      | Noticed an ice beast
  2302 | D:3      | Killed an ice beast
  2303 | D:3      | Reached skill level 7 in Ranged Weapons
  2303 | D:3      | Reached XP level 4. HP: 16/37 MP: 3/3
  2303 | D:3      | Reached XP level 5. HP: 19/42 MP: 4/4
  2607 | D:4      | Noticed a black bear
  2614 | D:4      | Killed a black bear
  2615 | D:4      | Reached skill level 1 in Evocations
  2690 | D:4      | Noticed a phantom
  2743 | D:4      | Reached XP level 6. HP: 46/50 MP: 5/5
  3023 | D:4      | Reached skill level 1 in Armour
  3216 | D:4      | Noticed Natasha
  3222 | D:4      | Killed Natasha
  3271 | D:4      | Noticed Natasha
  3286 | D:4      | Killed Natasha
  3308 | D:4      | Reached skill level 8 in Ranged Weapons
  3308 | D:4      | Reached XP level 7. HP: 58/58 MP: 6/6
  3324 | D:4      | Found a radiant altar of Vehumet.
  3395 | D:4      | Noticed Pargi
  3413 | D:4      | Killed Pargi
  3560 | D:4      | Noticed Natasha
  3563 | D:4      | Killed Natasha
  3769 | D:5      | Entered Level 5 of the Dungeon
  4171 | D:5      | Reached skill level 5 in Fighting
  4689 | D:6      | Reached skill level 9 in Ranged Weapons
  4767 | D:6      | Reached XP level 8. HP: 49/70 MP: 7/7
  5315 | D:6      | Found a staircase to the Ecumenical Temple.
  5341 | Temple   | Entered the Ecumenical Temple
  5468 | D:6      | Reached skill level 10 in Ranged Weapons
  5586 | D:7      | Found a basalt altar of Yredelemnul.
  5711 | D:7      | Noticed Duvessa
  5731 | D:7      | Duvessa changed into Duvessa the centaur
  5731 | D:7      | Noticed Duvessa
  5736 | D:7      | Killed Duvessa the centaur
  5736 | D:7      | Noticed Dowan
  5737 | D:7      | Dowan changed into Dowan the howler monkey
  5737 | D:7      | Noticed Dowan
  5747 | D:7      | Killed Dowan the howler monkey
  5784 | D:7      | Noticed Prince Ribbit
  5789 | D:7      | Killed Prince Ribbit
  5790 | D:7      | Reached XP level 9. HP: 82/82 MP: 8/8
  5965 | D:7      | Reached skill level 11 in Ranged Weapons
  6078 | D:7      | Found Hodymoet's Assorted Antiques.
  6086 | D:7      | Bought 2 orange potions for 68 gold pieces
  6086 | D:7      | Bought a golden potion for 34 gold pieces
  6086 | D:7      | Bought a sedimented green potion for 34 gold pieces
  6086 | D:7      | Bought a scroll labelled SAWUIF YNOH for 38 gold pieces
  6086 | D:7      | Bought a scroll of identify for 76 gold pieces
  6208 | D:7      | Noticed Joseph
  6209 | D:7      | Joseph changed into Joseph the naga
  6209 | D:7      | Noticed Joseph
  6216 | D:7      | Killed Joseph the naga
  6353 | D:7      | Reached skill level 10 in Fighting
  6458 | D:7      | Reached skill level 12 in Ranged Weapons
  6843 | D:8      | Reached skill level 1 in Throwing
  6843 | D:8      | Reached XP level 10. HP: 84/93 MP: 9/9
  7344 | D:8      | Found a shimmering altar of Xom.
  7383 | D:9      | Noticed a skeletal warrior
  7406 | D:9      | Killed a skeletal warrior
  7407 | D:9      | Reached skill level 13 in Ranged Weapons
  7536 | D:9      | Noticed a skeletal warrior
  7551 | D:9      | Noticed a two-headed ogre
  7569 | D:9      | Killed a two-headed ogre
  7668 | D:9      | Found a glowing golden altar of the Shining One.
  7831 | D:9      | Found a staircase to the Lair.
  7855 | D:9      | Reached skill level 5 in Dodging
  7995 | D:9      | Noticed a skeletal warrior
  8213 | D:9      | Found a shimmering blue altar of Sif Muna.
  8320 | D:9      | Noticed a two-headed ogre
  8325 | D:9      | Killed a two-headed ogre
  8430 | D:9      | Found a sparkling altar of Nemelex Xobeh.
  8497 | D:9      | Found a glowing silver altar of Zin.
  8497 | D:9      | Found a burning altar of Makhleb.
  8498 | D:9      | Noticed a green death
  8498 | D:9      | Noticed an angel
  8705 | D:10     | Entered Level 10 of the Dungeon
  8778 | D:10     | Noticed Urug
  8779 | D:10     | Urug changed into Urug the killer bee
  8779 | D:10     | Noticed Urug
  8782 | D:10     | Killed Urug the killer bee
  8878 | D:10     | Noticed a two-headed ogre
  8884 | D:10     | Killed a two-headed ogre
  8885 | D:10     | Reached XP level 11. HP: 102/102 MP: 10/10
  8968 | D:10     | Found an opulent altar of Gozag.
  9097 | D:10     | Noticed Maggie
  9103 | D:10     | Maggie changed into Maggie the boggart
  9103 | D:10     | Noticed Maggie
  9106 | D:10     | Killed Maggie the boggart
  9218 | D:10     | Found a sacrificial altar of Ru.
  9218 | D:10     | Found a hazy altar of Hepliaklqana.
  9218 | D:10     | Found a stormy altar of Qazlal.
  9218 | D:10     | Found a hide-covered altar of Uskayaw.
  9220 | D:10     | Found an ornate altar of the Wu Jian Council.
  9221 | D:10     | Found a shadowy altar of Dithmenos.
  9226 | D:10     | Became a worshipper of Hepliaklqana the Forgotten
  9411 | D:11     | Reached skill level 5 in Evocations
  9538 | D:11     | Noticed Erolcha
  9548 | D:11     | Killed Erolcha
  9549 | D:11     | Reached skill level 14 in Ranged Weapons
  9579 | D:11     | Identified the +2 falchion "Killer Bee's Bane" {drain,
                  | rElec rC+}
  9600 | D:11     | Noticed a two-headed ogre
  9606 | D:11     | Killed a two-headed ogre
  9809 | D:12     | Found a staircase to the Orcish Mines.
  9842 | D:12     | Noticed a skeletal warrior
  9874 | D:12     | Noticed a two-headed ogre
  9881 | D:12     | Killed a two-headed ogre
 10023 | D:12     | Reached * piety under Hepliaklqana
 10102 | D:12     | Noticed a boulder beetle
 10113 | D:12     | Noticed a fire dragon
 10181 | D:12     | Noticed an ogre mage
 10184 | D:12     | Paralysed by an ogre mage for 3 turns
 10193 | D:12     | Killed an ogre mage
 10244 | D:12     | Killed a boulder beetle
 10273 | D:12     | Noticed a seven-headed hydra
 10281 | D:12     | Killed a seven-headed hydra
 10353 | D:12     | Reached XP level 12. HP: 77/100 MP: 11/11
 10629 | D:12     | Reached skill level 5 in Throwing
 10662 | D:12     | Identified the +3 sling "Vydos" {speed, rPois Str+3}
 10993 | D:12     | Found a runed translucent door.
 11043 | D:12     | Found the +5 Storm Queen's Shield {shock, Fly rElec}
 11080 | D:12     | Noticed an ice dragon
 11219 | Lair:1   | Entered Level 1 of the Lair of Beasts
 11329 | Lair:1   | HP: 1/100 [cane toad (12)]
 11330 | Lair:1   | Slain by a black mamba

Illustrated notes

Levels and vault maps discovered:
D:1:      dpeg_arrival_rhombus, layout_basic, serial_aquarium,
          aquarium_bridge_island_small [aquarium_subvault_small_open,
          aquarium_subvault_balcony, aquarium_subvault_wall,
          aquarium_subvault_wall, aquarium_subvault_bridge],
          aquarium_window_fake, aquarium_window_corner, aquarium_window_double,
          aquarium_view_2g, aquarium_balcony_double_2, aquarium_pool_2,
          shapermc_ecumenical_altar_rom_forum
D:2:      layout_basic
D:3:      layout_basic
D:4:      layout_loops_ring, marbit_many_paths, chequers_big_river,
          hangedman_decor_slide_cut, uniq_natasha, uniq_pargi
D:5:      layout_basic
D:6:      layout_basic, minmay_temple_entry_slanted,
          nicolae_figureground_sparkle
D:7:      layout_gridville, mainiacjoe_overflow_paths, serial_shops, shop,
          minmay_fire_ice_demons, uniq_joseph, uniq_prince_ribbit1, uniq_duvessa
D:8:      layout_rooms, dk_xom_monty_hall, roderic_batcave
D:9:      layout_grid_maze, grunt_temple_overflow_order_and_chaos_2,
          tso_metal_star, kennysheep_mini, led_sif_pool, dpeg_oklobed_lair
D:10:     layout_rooms, nicolae_gozag_cash_rules_everything_around_me,
          minitemple, serial_glass, glass_columns_a, glass_columns_c,
          glass_columns_b, glass_columns_b, item_on_display_b, feat_on_display,
          uniq_maggie, uniq_urug
D:11:     layout_cave_pools, statue_in_the_mist_lemuel, uniq_erolcha
D:12:     minmay_the_grid_four_pointed_star_mashed
          [minmay_the_grid_triangle_9x9_cache,
          minmay_the_grid_triangle_9x9_subtriangle,
          minmay_the_grid_triangle_9x9_pentomino_pain,
          minmay_the_grid_triangle_9x9_swiss_cheese,
          minmay_the_grid_prize_four_corners_diamond_b], layout_loops_corners,
          kennysheep_generic_room_6
Temple:   hellmonk_temple_two_chambers
Lair:1:   layout_regular_city, beast_lair_carwin_8

Skill      XL: |  1  2  3  4  5  6  7  8  9 10 11 12 |
---------------+-------------------------------------+-----
Stealth        | 1 |  1.0
Ranged Weapons | 5 7 8 9 10 12 13 14 | 14.9
Evocations     | 2 4 6 7 |  7.0
Armour         | 2 |  2.4
Fighting       | 3 5 8 10 11 12 | 12.1
Dodging        | 3 5 7 8 |  8.6
Throwing       | 1 2 4 5 |  5.4
Invocations    | |  0.9

Action                     |  1- 3 |  4- 6 |  7- 9 | 10-12 || total
---------------------------+-------+-------+-------+-------++-------
  Melee: Dagger            |       |       |     1 |       ||     1
   Fire: Shortbow          |    96 |    87 |   308 |   399 ||   890
  Throw: Throwing net      |       |       |       |     1 ||     1
 Invoke: Ancestor Identity |       |       |       |     2 ||     2
         Recall Ancestor   |       |       |       |     1 ||     1
  Evoke: Wand              |     3 |       |     5 |    19 ||    27
         Piece from Xom's  |       |       |       |     2 ||     2
    Use: Scroll            |     5 |       |     9 |    11 ||    25
         Potion            |       |       |       |     5 ||     5
 Armour: Leather armour    |     2 |       |       |       ||     2
         Robe              |     4 |    12 |    21 |     6 ||    43
         Skin              |       |    12 |       |       ||    12
         Troll leather arm |       |       |       |    18 ||    18
  Dodge: Dodged            |    16 |    32 |    69 |    82 ||   199

Table legend: (Time is in decaauts)
 A = Elapsed time spent in this place.
 B = Non-inter-level travel time spent in this place.
 C = Inter-level travel time spent in this place.
 D = Time resting spent in this place.
 E = Time spent auto-exploring this place.
 F = Levels seen in this place.
 G = Mean time per level.
                   A        B        C        D        E       F      G
               +--------+--------+--------+--------+--------+-----+--------+
         Total |  11295 |  10742 |    553 |    646 |   8064 |  14 |  806.8 |
       Dungeon |  11154 |  10606 |    548 |    646 |   7982 |  12 |  929.5 |
        Temple |     36 |     32 |      4 |      0 |     11 |   1 |   36.0 |
          Lair |    104 |    104 |      0 |      0 |     71 |   1 |  104.0 |
               +--------+--------+--------+--------+--------+-----+--------+

Top non-repeatable levels by time:
     D:9: 1337 daAuts
     D:4: 1191 daAuts
    D:12: 1167 daAuts
     D:7: 1130 daAuts
     D:1: 994 daAuts
     D:6: 962 daAuts
     D:2: 862 daAuts
     D:5: 813 daAuts
     D:3: 774 daAuts
    D:10: 678 daAuts
     D:8: 662 daAuts
    D:11: 580 daAuts
  Lair:1: 104 daAuts
  Temple: 36 daAuts
